 Dungeon Crawl Stone Soup version 0.27-a0-684-g359e429f13 (webtiles) character file.

Game seed: 668660833839029078

809 Aggronaut the Ruffian (level 7, -9/57 HPs)
             Began as a Yellow Draconian Transmuter on Mar 20, 2021.
             Was a Believer of Makhleb.
             Mangled by a gnoll sergeant
             ... wielding a +0 trident
              (13 damage)
             ... on level 6 of the Dungeon.
             The game lasted 00:15:37 (5061 turns).

Aggronaut the Ruffian (Yellow Draconian Transmuter) Turns: 5061, Time: 00:15:38

Health: -9/57      AC: 11    Str: 19    XL:     7   Next: 61%
Magic:  10/10      EV: 12    Int: 14    God:    Makhleb [**....]
Gold:   150        SH:  0    Dex: 12    Spells: 9/10 levels left

rFire    . . .     SeeInvis .     - Unarmed
rCold    . . .     Faith    .   (no shield)
rNeg     . . .     Spirit   .   (armour unavailable)
rPois    .         Reflect  .   (helmet currently unavailable)
rElec    .         Harm     .   (no cloak)
rCorr    +         Rampage  .   (no gloves)
Will     .....     Clarity  +   (boots currently unavailable)
Stlth    +.........             h - amulet of magic regeneration
HPRegen  1.19/turn              b - +6 ring of strength
MPRegen  0.37/turn              m - +4 ring of protection

@: short of breath, appendages
A: horns 2, talons 2, spit acid, AC +6, unfitting armour, cold-blooded, acid
resistance, blurry vision 1, clarity, regeneration 1, shaggy fur 1, wild magic 1
a: Breathe Acid, End Transformation, Renounce Religion, Minor Destruction


You were on level 6 of the Dungeon.
You worshipped Makhleb.
Makhleb was pleased with you.
You had temporarily grown beastly horns and talons.
You visited 2 branches of the dungeon, and saw 7 of its levels.

You collected 198 gold pieces.
You spent 48 gold pieces at shops.

Inventory:

Missiles
 j - 18 poisoned darts
Armour
 a - a +1 pair of boots (melded)
Jewellery
 b - a +6 ring of strength (right hand)
 c - a ring of see invisible
 h - an amulet of magic regeneration (around neck)
 k - a ring of wizardry
 m - a +4 ring of protection (left hand)
Wands
 n - a wand of mindburst (14)
 o - a wand of flame (18)
Scrolls
 i - a scroll of identify
 l - 3 scrolls of amnesia {unknown}
Potions
 d - a potion of berserk rage {unknown}
 e - a potion of resistance {unknown}
 f - 4 potions of curing {unknown}
 g - a potion of heal wounds {unknown}


   Skills:
 - Level 3.5 Fighting
 - Level 1.7 Dodging
 * Level 7.1 Unarmed Combat
 - Level 2.0 Spellcasting
 * Level 5.0 Transmutations


You had 9 spell levels left.
You knew the following spells:

 Your Spells              Type           Power      Damage    Failure   Level
a - Beastly Appendage     Tmut           40%        N/A       5%          1

Your spell library contained the following spells:

 Spells                   Type           Power      Damage    Failure   Level
 Wereblood                Tmut           20%        N/A       8%          2
 Spider Form              Tmut/Pois      5%         N/A       34%         3
 Ice Form                 Ice/Tmut       11%        N/A       71%         4
 Blade Hands              Tmut           10%        N/A       71%         5


Dungeon Overview and Level Annotations

Branches:
Dungeon (6/15)             Temple (1/1) D:5

Altars:
Ashenzari
Cheibriados
Elyvilon
Fedhas
Gozag
Kikubaaqudgha
Makhleb
Nemelex Xobeh
Okawaru
Qazlal
Ru
Sif Muna
Trog
Uskayaw
Vehumet
Wu Jian
Xom
Yredelemnul
Zin
The Shining One

Shops:
D:3 *

Annotations:
D:6 Blork the orc


Innate Abilities, Weirdness & Mutations

You have temporarily grown beastly horns and talons.
You can spit globs of acid.
Your golden yellow scales are hard. (AC +6)
You cannot fit into any form of body armour.
You are cold-blooded and may be slowed by cold attacks.
You are resistant to acid. (rCorr)
Scrolls take you a little longer to read.
You possess an exceptional clarity of mind.
Your natural rate of healing is unusually fast.
You are covered in fur. (AC +1)
Your spells are a little harder to cast, but a little more powerful.


Message History

The gnoll sergeant is moderately wounded.
Blork the orc completely misses you. The gnoll sergeant barely misses you.
The gnoll hits you but does no damage.
You hit the gnoll sergeant.
The gnoll sergeant is moderately wounded.
Blork the orc barely misses you.
Really read with blurry vision while enemies are nearby?
Okay, then.
You barely miss the gnoll sergeant. Your kick misses the gnoll sergeant.
You headbutt the gnoll sergeant.
Your tail-slap misses the gnoll sergeant.
You punch the gnoll sergeant, but do no damage.
The gnoll sergeant is moderately wounded.
The gnoll sergeant hits you with a +0 trident!
The gnoll misses you. Blork the orc barely misses you.
Casting: Beastly Appendage (safe; 5% risk of failure)
Confirm with . or Enter, or press ? or * to list all spells.
You extend your transformation's duration.
The gnoll sergeant hits you with a +0 trident.
The gnoll barely misses you. Blork the orc barely misses you.
The gnoll sergeant misses you. Blork the orc closely misses you.
Press: ? - help, Shift-Dir - straight line, f - Blork the orc
Aim: Blork the orc, wielding a +0 halberd and wearing a +0 robe You spit a glob of acid.
The glob of acid hits Blork the orc!
Blork the orc is splashed with acid.
The acid corrodes Blork the orc!
Blork the orc is moderately wounded.
The gnoll sergeant hits you from afar with a +0 trident!
* * * LOW HITPOINT WARNING * * *
Blork the orc barely misses you.
You barely miss Blork the orc. You claw Blork the orc.
You headbutt Blork the orc, but do no damage.
You tail-slap Blork the orc.
Blork the orc is severely wounded.
The gnoll sergeant barely misses you.
Blork the orc hits you with a +0 halberd!
* * * LOW HITPOINT WARNING * * *
You barely miss Blork the orc.
Blork the orc is severely wounded.
The gnoll sergeant hits you from afar with a +0 trident!
You die...

#.###.....##.........########
#.#.+......+.........'.#[..
#.#.#.....##.........###.#####
#.#.#...))#..................#
#.#.#.....#.##########...#.#.#.
#.#.#.....'....................
#.#.'.....#.##########..##.#...
#.###.....#.#####g...#.........
#.......>....o@.gO.............
#########....#######.##....#.##
#....+.......#.......#
#....#########...##### ######
#.............. #.######+##....
######.# ..... #......# ....
#.###### ....


You could see Blork the orc (corroded), an ogre, a gnoll sergeant and a gnoll.

Vanquished Creatures
  A sky beast (D:5)
  A centaur (D:5)
  A phantom (D:5)
  A bullfrog (D:6)
  2 orc priests (D:5)
  An iguana (D:4)
  3 orc wizards
  3 worker ants
  A worker ant zombie (D:5)
  6 gnolls
  2 adders
  An ooze (D:1)
  An adder zombie (D:3)
  2 adder skeletons (D:3)
  2 worms
  5 dart slugs
  4 leopard geckos
  16 orcs
  3 ball pythons
  12 bats
  7 giant cockroaches
  13 goblins
  8 hobgoblins
  12 jackals
  A quokka (D:4)
  6 frilled lizards
  7 kobolds
  A leopard gecko zombie (D:3)
  7 rats
130 creatures vanquished.

Vanquished Creatures (collateral kills)
  A worker ant (D:4)
1 creature vanquished.

Vanquished Creatures (others)
  3 withered plants (D:3)
3 creatures vanquished.

Grand Total: 134 creatures vanquished

Notes
Turn   | Place    | Note
-------+----------+-------------------------------------------
     0 | D:1      | Aggronaut the Draconian Transmuter began the quest for the
                  | Orb.
     0 | D:1      | Reached XP level 1. HP: 16/16 MP: 3/3
   258 | D:1      | Reached XP level 2. HP: 21/23 MP: 5/5
   967 | D:1      | Reached XP level 3. HP: 27/28 MP: 6/6
  1642 | D:2      | Found a burning altar of Makhleb.
  1684 | D:2      | Gained mutation: You are covered in fur. (AC +1) [potion of
                  | mutation]
  1684 | D:2      | Gained mutation: Your muscles are strong. (Str +2) [potion
                  | of mutation]
  1813 | D:2      | Found a snail-covered altar of Cheibriados.
  1883 | D:2      | Reached skill level 4 in Unarmed Combat
  1883 | D:2      | Reached XP level 4. HP: 31/35 MP: 7/7
  2044 | D:2      | Found an ornate altar of the Wu Jian Council.
  2336 | D:2      | Lost mutation: Your muscles are strong. (Str +2) [potion of
                  | mutation]
  2336 | D:2      | Gained mutation: Your natural rate of healing is unusually
                  | fast. [potion of mutation]
  2336 | D:2      | Gained mutation: Scrolls take you a little longer to read.
                  | [potion of mutation]
  2336 | D:2      | Gained mutation: You possess an exceptional clarity of
                  | mind. [potion of mutation]
  2336 | D:2      | Gained mutation: Your spells are a little harder to cast,
                  | but a little more powerful. [potion of mutation]
  2494 | D:3      | Found an ancient bone altar of Kikubaaqudgha.
  2541 | D:2      | Became a worshipper of Makhleb the Destroyer
  2576 | D:3      | Found Hyrew's Assorted Antiques.
  2609 | D:3      | Bought a scroll labelled PIRIZXA VESTRU for 24 gold pieces
  2623 | D:3      | Bought a scroll labelled ZYHEQU JALOITU for 24 gold pieces
  2976 | D:3      | Found a sacrificial altar of Ru.
  3019 | D:3      | Reached XP level 5. HP: 41/41 MP: 8/8
  3096 | D:3      | Found an opulent altar of Gozag.
  3441 | D:4      | Reached skill level 5 in Unarmed Combat
  3441 | D:4      | Found an iron altar of Okawaru.
  3578 | D:4      | Reached * piety under Makhleb
  3647 | D:4      | Reached XP level 6. HP: 35/51 MP: 9/9
  3892 | D:5      | Entered Level 5 of the Dungeon
  3899 | D:5      | Found a staircase to the Ecumenical Temple.
  4026 | D:5      | Reached skill level 6 in Unarmed Combat
  4163 | D:5      | Found a bloodstained altar of Trog.
  4163 | D:5      | Noticed a sky beast
  4177 | D:5      | Killed a sky beast
  4178 | D:5      | Found a snail-covered altar of Cheibriados.
  4178 | D:5      | Found a blossoming altar of Fedhas.
  4181 | D:5      | Found a blossoming altar of Fedhas.
  4181 | D:5      | Found a white marble altar of Elyvilon.
  4181 | D:5      | Found a shimmering altar of Xom.
  4402 | D:5      | Your scales start taking on a golden yellow colour.
  4402 | D:5      | Reached XP level 7. HP: 52/57 MP: 10/10
  4402 | D:5      | Gained mutation: You are resistant to acid. (rCorr) [Yellow
                  | Draconian growth]
  4512 | D:6      | Found a glowing golden altar of the Shining One.
  4665 | Temple   | Entered the Ecumenical Temple
  4950 | D:6      | Reached skill level 7 in Unarmed Combat
  4983 | D:6      | Reached ** piety under Makhleb
  4984 | D:6      | Reached skill level 5 in Transmutations
  5050 | D:6      | Noticed Blork the orc
  5061 | D:6      | Mangled by a gnoll sergeant

Illustrated notes

Levels and vault maps discovered:
D:1:      saegor_arrival_simple_e, layout_basic
D:2:      layout_loops_cross, lemuel_round_altar,
          nicolae_overflow_crystal_walls, lemuel_doored_altar
D:3:      layout_rooms, lemuel_round_altar, nicolae_ru_sacrificial_ziggurat,
          lemuel_crystal_altar, serial_undead, serial_undead_d, serial_undead_c,
          serial_undead_b, serial_undead_f, serial_shops, shop,
          item_on_display_a
D:4:      layout_basic, lemuel_round_altar, lemuel_old_faithful
D:5:      layout_rooms, doesnt_xom_only_xom, minmay_temple_entry_tees
D:6:      layout_basic, general_overflow_altar, grunt_temple_overflow_open,
          basic_altar, uniq_blork_the_orc, uniq_prince_ribbit1
Temple:   grunt_temple_mini_profane

Skill      XL: |  1  2  3  4  5  6  7 |
---------------+----------------------+-----
Transmutations | 3 4 5 |  5.0
Unarmed Combat | 4 5 6 7 |  7.1
Fighting       | 2 3 |  3.5
Dodging        | |  1.7
Spellcasting   | |  2.0

Action                   |  1- 3 |  4- 6 |  7- 9 || total
-------------------------+-------+-------+-------++-------
Melee: Unarmed           |   190 |   290 |    53 ||   533
       Tailslap          |    17 |    25 |     9 ||    51
       Punch             |     1 |     7 |     1 ||     9
       Headbutt          |     1 |     6 |     9 ||    16
       Kick              |     1 |     6 |    10 ||    17
 Cast: Beastly Appendage |     1 |     2 |     4 ||     7
 Abil: Breathe Acid      |       |       |     2 ||     2
  Use: Scroll            |     2 |     6 |       ||     8
       Potion            |     1 |     1 |       ||     2
 Stab: Sleeping          |       |     1 |       ||     1
Armor: Skin              |    70 |    85 |    22 ||   177
Dodge: Dodged            |   148 |   160 |    65 ||   373

Table legend: (Time is in decaauts)
 A = Elapsed time spent in this place.
 B = Non-inter-level travel time spent in this place.
 C = Inter-level travel time spent in this place.
 D = Time resting spent in this place.
 E = Time spent auto-exploring this place.
 F = Levels seen in this place.
 G = Mean time per level.
                   A        B        C        D        E       F      G
               +--------+--------+--------+--------+--------+-----+--------+
         Total |   5011 |   4837 |    174 |   1143 |   2348 |   7 |  715.9 |
       Dungeon |   4798 |   4647 |    151 |   1143 |   2160 |   6 |  799.7 |
        Temple |    212 |    189 |     23 |      0 |    188 |   1 |  212.0 |
               +--------+--------+--------+--------+--------+-----+--------+

Top non-repeatable levels by time:
     D:1: 1482 daAuts
     D:2: 1041 daAuts
     D:5: 784 daAuts
     D:3: 704 daAuts
     D:4: 626 daAuts
  Temple: 212 daAuts
     D:6: 159 daAuts
